 Dungeon Crawl Stone Soup version 0.28-a0-94-g325244837d (webtiles) character file.

Game seed: 5255937493912181890

74 Leeroy the Changer (level 4, -4/35 HPs)
             Began as a Merfolk Transmuter on Aug 7, 2021.
             Killed by divine providence
             ... invoked by an orc priest
              (11 damage)
             ... on level 3 of the Dungeon.
             The game lasted 00:03:57 (4029 turns).

Leeroy the Changer (Merfolk Transmuter)             Turns: 4029, Time: 00:03:57

Health: -4/35      AC:  3    Str: 11    XL:     4   Next: 28%
Magic:  7/7        EV: 12    Int: 12    God:
Gold:   50         SH:  0    Dex: 14    Spells: 1/7 levels left

rFire   . . .      SeeInvis .     - Unarmed
rCold   . . .      Faith    .   (no shield)
rNeg    . . .      Spirit   .   a - +0 robe
rPois   .          Reflect  .   (no helmet)
rElec   .          Harm     .   (no cloak)
rCorr   .          Rampage  .   (no gloves)
Will    .....                   l - +0 pair of boots
Stlth   +.........              (no amulet)
HPRegen 0.11/turn               (no ring)
MPRegen 0.10/turn               (no ring)

@: slowed, very slow
A: (nimble swimmer 2), mertail
a: no special abilities


You were on level 3 of the Dungeon.
You visited 1 branch of the dungeon, and saw 3 of its levels.

You collected 50 gold pieces.

Inventory:

Armour
 a - a +0 robe (worn)
 l - a +0 pair of boots (worn)
Scrolls
 b - a scroll of fog {unknown}
 c - 2 scrolls of identify {unknown}
 d - a scroll of acquirement {unknown}
 f - a scroll of noise {unknown}
 g - a scroll of vulnerability {unknown}
 i - a scroll of holy word {unknown}
 k - 2 scrolls of immolation {unknown}
 o - a scroll of enchant armour {unknown}
Potions
 e - a potion of heal wounds {unknown}
 h - a potion of haste {unknown}
 j - a potion of berserk rage {unknown}
 m - a potion of brilliance {unknown}
 n - a potion of curing {unknown}


   Skills:
 - Level 3.0 Fighting
 - Level 2.6 Dodging
 - Level 3.2 Unarmed Combat
 - Level 2.0 Spellcasting
 + Level 4.7 Transmutations


You had one spell level left.
You knew the following spells:

 Your Spells              Type           Power      Damage    Failure   Level
a - Beastly Appendage     Tmut           24%        N/A       4%          1
b - Wereblood             Tmut           12%        N/A       6%          2
c - Spider Form           Tmut/Pois      3%         N/A       30%         3

Your spell library contained the following spells:

 Spells                   Type           Power      Damage    Failure   Level
 Animate Skeleton         Necr           2%         N/A       26%         1
 Apportation              Tloc           2%         N/A       26%         1
 Corona                   Hex            1%         N/A       26%         1
 Summon Small Mammal      Summ           4%         N/A       26%         1
 Ice Form                 Ice/Tmut       6%         N/A       71%         4


Dungeon Overview and Level Annotations

Branches:
Dungeon (3/15)

Altars:


Innate Abilities, Weirdness & Mutations

((You are quick and stealthy near water. (Stealth+, EV+, Speed+++)))
Your lower body shifts to a powerful aquatic tail in water.


Message History

The giant cockroach bites you but does no damage.
You hit the giant cockroach.
You kill the giant cockroach!
Your transformation is almost over.
o - a scroll labelled LOHETZ XYAGH
There are no items here.
Your transformation has ended.
Your +0 pair of boots unmelds from your body.
Your +0 robe unmelds from your body.
Magic restored.
A hobgoblin comes into view. It is quivering curare-tipped darts.
The hobgoblin shouts!
You hear a shout! x2
The hobgoblin moves out of view.
The hobgoblin throws a curare-tipped dart.
The curare-tipped dart closely misses you.
Things that are here:
a jackal corpse; a jackal corpse The hobgoblin throws a curare-tipped dart.
The curare-tipped dart hits you.
You are poisoned.
You have difficulty breathing.
You feel yourself slow down.
You feel very sick.
You feel very sick.
You feel sick.
You feel sick.
An orc priest comes into view. It is wielding a +0 flail.
You feel sick.
An orc comes into view. It is wielding a +0 flail.
You feel sick.
You are no longer poisoned.
An orc comes into view. It is wielding a +0 trident.
The orc moves out of view. x2
The hobgoblin hits you.
* * * LOW HITPOINT WARNING * * *
The hobgoblin barely misses you.
The orc priest casts a cantrip, but nothing happens.
The hobgoblin closely misses you.
The orc priest mumbles some strange prayers to Beogh against you.
Beogh smites you!
You die...

.......# #...#.#
######.# ###...#
.......# ##.##
######.# #.# # #.# #
#.# # .#### #.# #
......####.# #
.....o...g@# #
.####.###..# ##...
#..# #.....##.†#####
#....g........#
#####.........#.####.#
............#.#.#
#####. #### #.#.#
....#


You could see an orc priest and a hobgoblin.

Vanquished Creatures
  An adder (D:3)
  3 worms (D:2)
  A dart slug (D:2)
  6 bats
  5 endoplasms
  4 giant cockroaches
  A goblin (D:1)
  6 hobgoblins
  8 jackals
  4 kobolds
  2 quokkas
  3 ball pythons
  2 frilled lizards
46 creatures vanquished.

Notes
Turn   | Place    | Note
-------+----------+-------------------------------------------
     0 | D:1      | Leeroy the Merfolk Transmuter began the quest for the Orb.
     0 | D:1      | Reached XP level 1. HP: 15/15 MP: 3/3
   798 | D:1      | Reached XP level 2. HP: 22/22 MP: 5/5
   830 | D:1      | HP: 1/23 [jackal (1)]
   837 | D:1      | HP: 1/23 [jackal (1)]
  1195 | D:1      | Learned a level 2 spell: Wereblood
  1649 | D:1      | Reached XP level 3. HP: 28/29 MP: 6/6
  1656 | D:1      | Reached skill level 3 in Transmutations
  2412 | D:2      | Learned a level 3 spell: Spider Form
  3197 | D:2      | Reached skill level 4 in Transmutations
  3584 | D:2      | Reached XP level 4. HP: 34/35 MP: 7/7
  4029 | D:3      | Killed from afar by an orc priest

Illustrated notes

Levels and vault maps discovered:
D:1:      erik_arrival_orb_chamber, layout_basic
D:2:      layout_basic, serial_forest, infiniplex_forest_straight_1,
          infiniplex_forest_clump_small, infiniplex_forest_lined_4_way,
          infiniplex_forest_corner_2, infiniplex_forest_clump_small,
          hangedman_decor_push
D:3:      layout_loops_ring, uniq_purgy

Skill      XL: |  1  2  3 |
---------------+----------+-----
Fighting       | 2 3 |  3.0
Transmutations | 4 |  4.7
Dodging        | |  2.6
Unarmed Combat | |  3.2
Spellcasting   | |  2.0

Action                   |  1- 3 |  4- 6 || total
-------------------------+-------+-------++-------
Melee: Unarmed           |   214 |    21 ||   235
       Headbutt          |     4 |       ||     4
       Punch             |     3 |       ||     3
 Cast: Beastly Appendage |     4 |       ||     4
       Spider Form       |     2 |     2 ||     4
 Stab: Sleeping          |     2 |       ||     2
Armor: Robe              |    43 |     2 ||    45
       Skin              |       |     3 ||     3
Dodge: Dodged            |   136 |    33 ||   169

Table legend: (Time is in decaauts)
 A = Elapsed time spent in this place.
 B = Non-inter-level travel time spent in this place.
 C = Inter-level travel time spent in this place.
 D = Time resting spent in this place.
 E = Time spent auto-exploring this place.
 F = Levels seen in this place.
 G = Mean time per level.
                   A        B        C        D        E       F      G
               +--------+--------+--------+--------+--------+-----+--------+
         Total |   4019 |   3939 |     80 |    793 |   2671 |   3 | 1339.7 |
       Dungeon |   4019 |   3939 |     80 |    793 |   2671 |   3 | 1339.7 |
               +--------+--------+--------+--------+--------+-----+--------+

Top non-repeatable levels by time:
     D:1: 2065 daAuts
     D:2: 1554 daAuts
     D:3: 399 daAuts
